 Dungeon Crawl Stone Soup version 0.18-a0-102-gb1241f3 (webtiles) character file.

74 Proton the Skirmisher (level 4, -2/42 HPs)
             Began as a Naga Fighter on Nov 15, 2015.
             Slain by Sigmund
             ... wielding a +0 scythe
              (5 damage)
             ... on level 2 of the Dungeon.
             The game lasted 00:03:04 (1006 turns).

Proton the Skirmisher (Naga Fighter)                Turns: 1006, Time: 00:03:04

Health: -2/42      AC:  5    Str: 19    XL:     4   Next: 28%
Magic:  13/13      EV:  5    Int:  8    God:
Gold:   37         SH:  9    Dex: 11    Spells: 0 memorised, 3 levels left

rFire  . . .     SeeInvis +     a - +0 long sword
rCold  . . .     Clarity  .     b - +0 scale mail
rNeg   . . .     SustAt   .     c - +0 shield
rPois  +         Gourm    .     (no helmet)
rElec  .         Spirit   .     (no cloak)
rCorr  .         Warding  .     (no gloves)
rMut   .         Stasis   .     (no barding)
MR     .....                    (no amulet)
Stlth  +.........               (no ring)
                                j - ring of magical power

@: very slow, not resistant to hostile enchantments, very unstealthy
A: see invisible, deformed body, poison resistance, slowness 2, slow metabolism
1, spit poison 2, AC +1
a: Spit Poison


You were on level 2 of the Dungeon.
You were not hungry.

You visited 1 branch of the dungeon, and saw 2 of its levels.

You collected 37 gold pieces.

Inventory:

Hand Weapons
 a - a +0 long sword (weapon)
Armour
 b - a +0 scale mail (worn)
 c - a +0 shield (worn)
Jewellery
 j - a ring of magical power (left hand)
Scrolls
 g - a scroll of noise {unknown}
 h - a scroll of recharging {unknown}
 k - a scroll of enchant armour {unknown}
 m - a scroll of magic mapping {unknown}
 o - a scroll of identify {unknown}
 q - a scroll of amnesia {unknown}
Potions
 d - a potion of might
 n - 2 potions of curing {unknown}
 p - a potion of heal wounds {unknown}
Comestibles
 e - 2 bread rations
 f - a beef jerky
 i - 2 meat rations
 l - 4 fruits


   Skills:
 + Level 3.4 Fighting
 + Level 2.4 Long Blades
 + Level 2.7 Armour
 + Level 1.0 Dodging
 + Level 2.1 Stealth
 + Level 2.7 Shields


You had 3 spell levels left.
You didn't know any spells.

Dungeon Overview and Level Annotations

Branches:
Dungeon (2/15)

Altars:

Annotations:
D:2 Sigmund


Innate Abilities, Weirdness & Mutations

You cannot wear boots.
Your serpentine skin is tough (AC +1).
You have supernaturally acute eyesight.
Armour fits poorly on your strangely shaped body.
Your system is resistant to poisons.
You cover ground very slowly.
You have a slow metabolism.
You can spit poison.


Message History

* * * LOW HITPOINT WARNING * * *
You closely miss Sigmund.
Sigmund is heavily wounded.
Sigmund barely misses you.
You closely miss Sigmund.
Sigmund is heavily wounded.
Sigmund hits you with a scythe.
* * * LOW HITPOINT WARNING * * *
You slash Sigmund!
Sigmund is almost dead.
Sigmund barely misses you.
Your shield prevents you from hitting Sigmund.
Sigmund is almost dead.
Sigmund gestures at you while chanting. You resist with some effort.
Sigmund hits you with a scythe.
* * * LOW HITPOINT WARNING * * *
Your shield prevents you from hitting Sigmund.
Sigmund is almost dead.
Sigmund is no longer moving quickly.
Sigmund hits you with a scythe.
You die...

########## #
####........#########
##.#....................
#............#.####..###
.>......@...............
###
#..#.##@.###...####..###
##<###
#.......................
.....#
#..#.##..#.##..####..###
.....# #.#..#. #........#
#..# .....#
#.#........##.#..####.<###
##.### ..).......##
.#..##......# .....#
#.......... .#..##......#
..)..# #.##.#.####
###..##......# .....#
#.##.#.# #.....†......#


You could see Sigmund.

Vanquished Creatures
  Ijyb (D:2)
  Jessica (D:2)
  A giant cockroach (D:1)
  3 hobgoblins (D:1)
  2 jackals (D:2)
  A kobold (D:2)
  A quokka (D:2)
  3 bats (D:1)
  A giant newt (D:1)
  4 goblins (D:1)
  4 rats (D:1)
22 creatures vanquished.

Notes
Turn   | Place    | Note
--------------------------------------------------------------
     0 | D:1      | Proton the Naga Fighter began the quest for the Orb.
     0 | D:1      | Reached XP level 1. HP: 21/21 MP: 1/1
   321 | D:1      | Reached XP level 2. HP: 9/28 MP: 2/2
   898 | D:2      | Noticed Ijyb
   918 | D:2      | Killed Ijyb
   918 | D:2      | Reached skill level 1 in Stealth
   918 | D:2      | Reached XP level 3. HP: 31/34 MP: 3/3
   933 | D:2      | Noticed Jessica
   935 | D:2      | Killed Jessica
   935 | D:2      | Reached skill level 1 in Dodging
   935 | D:2      | Reached XP level 4. HP: 40/42 MP: 4/4
   989 | D:2      | Noticed Sigmund
  1006 | D:2      | Slain by Sigmund

Vault maps used:
D:1:      dpeg_arrival_yet_another_circle, minmay_misc_feat_diagonals,
          minivault_11, hangedman_decor_points
D:2:      ecumenical_altar_2, fedhas_altar_4, uniq_sigmund, uniq_jessica,
          uniq_iyjb

Action                   |  1- 3 |  4- 6 || total
-------------------------+-------+-------++-------
Melee: Long sword        |    73 |    24 ||    97
